AoeStats
← [LMB] Vortex

Arabia

509117838Analyzed
1v1 RM · 8d ago on Sep 25, 2026· 34m 8s· 2 players
Game mode
Random Map
Map size
Tiny (2 player)
Population
200
Speed
Normal
Resources
Standard
Victory
Conquest
Starting age
Dark Age
Ending age
Imperial Age
RankedLock teamsTeams togetherTeam positionsShared explorationLock speedFull tech treeHidden civsTurbo modeCheats
Victory
Defeat
🇩🇪 Vietnamese · Germany
1279
+18
🇲🇽 Magyars · Mexico
1328
-18
fastgg
5:55 Loom
8:42 Feudal Age
9:59 Double-Bit Axe
11:51 Horse Collar
15:59 Fletching
20:18 Castle Age
19:08 Padded Archer Armor
20:23 Crossbowman
21:10 Bodkin Arrow
22:29 Bow Saw
25:32 Town Watch
26:29 Scale Mail Armor
26:27 Pikeman
27:08 Squires
28:42 Wheelbarrow
30:16 Hand Cart
31:10 Gold Mining
34:00 Imperial Age
32:11 Chain Mail Armor
32:31 Forging
32:57 Ballistics
33:01 Elite Skirmisher
33:47 Thumb Ring
33:58 Leather Archer Armor
34:42 Bracer
35:43 Chemistry
34:05 Arbalester
[LMB] Vortex
6:11 Loom
9:12 Feudal Age
9:43 Double-Bit Axe
12:44 Fletching
17:06 Padded Archer Armor
22:08 Castle Age
25:06 Horse Collar
29:00 Bodkin Arrow
29:55 Husbandry
32:50 Wheelbarrow
33:45 Scale Barding Armor
33:56 Bloodlines
Connection lost

Rejoining the realm…

Still unreachable

The connection could not be restored.

Session expired

The server has moved on; the page needs a fresh start.